 Dungeon Crawl Stone Soup version 0.25-a0-578-gc91f01c39c (webtiles) character file.

Game seed: 15812922711446169695, levelgen mode: deterministic

477 Gargoyl the Chopper (level 6, -4/57 HPs)
             Began as a Centaur Abyssal Knight on Mar 3, 2020.
             Was a Believer of Lugonu.
             Slain by Prince Ribbit (11 damage)
             ... on level 5 of the Dungeon.
             The game lasted 00:05:16 (3302 turns).

Gargoyl the Chopper (Centaur Abyssal Knight)        Turns: 3302, Time: 00:05:17

Health: -4/57      AC: 11    Str: 13 (15) XL:     6   Next: 85%
Magic:  8/8        EV:  1    Int: 10 (11) God:    Lugonu [**....]
Gold:   239        SH:  0    Dex:  7 (10) Spells: 5/5 levels left

rFire    . . .     SeeInvis .   d - +5 war axe (elec)
rCold    . . .     Gourm    .   (no shield)
rNeg     . . .     Faith    .   n - +0 plate armour
rPois    .         Spirit   .   (no helmet)
rElec    .         Reflect  .   (no cloak)
rCorr    .         Harm     .   b - +1 pair of gloves
MR       .....                  (no barding)
Stlth    ..........             (no amulet)
HPRegen  0.19/turn              (no ring)
MPRegen  0.11/turn              (no ring)

@: about to teleport, very quick
A: large, hooves 3, deformed body, speed 2, robust 1, screaming 1, tough skin 3
a: Depart the Abyss, Bend Space, Renounce Religion


You were on level 5 of the Dungeon.
You worshipped Lugonu.
Lugonu was pleased with you.
You were not hungry.

You visited 1 branch of the dungeon, and saw 6 of its levels.
You visited the Abyss 1 time.

You collected 239 gold pieces.

Inventory:

Hand Weapons
 a - a +2 hand axe
 d - a +5 war axe of electrocution (weapon)
Armour
 b - a +1 pair of gloves (worn)
 n - a +0 plate armour (worn)
Scrolls
 f - a scroll of identify
 g - 2 scrolls of remove curse
 k - 2 scrolls of teleportation
Potions
 j - a potion of resistance
 m - a potion of curing
Comestibles
 c - 8 rations


   Skills:
 + Level 3.9 Fighting
 + Level 4.1 Axes
 * Level 2.8 Armour
 * Level 2.2 Dodging
 * Level 3.4 Invocations


You had 5 spell levels left.
You didn't know any spells.
Your spell library contained the following spells:

 Spells                   Type           Power        Failure   Level  Hunger
 Animate Skeleton         Necr           N/A          100%        1    ##.....
 Apportation              Tloc           #.....       100%        1    ##.....
 Corona                   Hex            #......      100%        1    ##.....
 Summon Small Mammal      Summ           #...         100%        1    ##.....


Dungeon Overview and Level Annotations

Branches:
Dungeon (6/15)
 Temple: D:4-7

Altars:
Yredelemnul

Annotations:
D:5 Prince Ribbit


Innate Abilities, Weirdness & Mutations

You have hooves in place of feet.
Armour fits poorly on your strangely shaped body.
You cover ground very quickly.
You have extremely tough skin. (AC +3)
You are robust. (+10% HP)
You occasionally shout uncontrollably at your foes.


Message History

You feel weakened.
You feel dopey.
You feel clumsy.
Prince Ribbit catches a moth with his tongue.
Prince Ribbit hits you but does no damage.
Prince Ribbit hits you.
* * * LOW HITPOINT WARNING * * *
You feel better. Prince Ribbit hits you!
* * * LOW HITPOINT WARNING * * *
It was a potion of cancellation.
Your magical effects are unravelling.
You feel magically purged.
Your magical contamination has completely faded away.
You float gracefully downwards.
You flicker back into view.
Prince Ribbit hits you.
* * * LOW HITPOINT WARNING * * *
As you read the scroll of teleportation, it crumbles to dust.
You feel strangely unstable. Prince Ribbit hits you.
* * * LOW HITPOINT WARNING * * *
Prince Ribbit hits you!
You die...

...## #...#
#...##
#....##
##.....#
#......##
#...>...##
#...F....#
#..@.....#
#.........#
##.........#
##.........
##....###.
######


You could see Prince Ribbit.

Vanquished Creatures
  Sigmund (D:3)
  A phantom (D:4)
  A bullfrog zombie (D:5)
  A centaur zombie (D:6)
  An iguana (D:4)
  A worker ant (D:6)
  4 adders
  3 worms
  A dart slug (D:1)
  A leopard gecko (D:2)
  6 orcs (D:3)
  4 giant cockroaches
  5 goblins
  6 hobgoblins
  4 jackals (D:3)
  7 kobolds
  A quokka (D:2)
  A ball python (D:3)
  6 bats
  4 frilled lizards
  7 rats
66 creatures vanquished.

Notes
Turn   | Place    | Note
-------+----------+-------------------------------------------
     0 | Abyss:1  | Gargoyl the Centaur Abyssal Knight began the quest for the
                  | Orb.
     0 | Abyss:1  | Reached XP level 1. HP: 19/19 MP: 2/2
    38 | Abyss:1  | Noticed an ancient zyme
    43 | Abyss:1  | Noticed a ynoxinul
    92 | Abyss:1  | Noticed a small abomination
   122 | Abyss:1  | Noticed an iron imp
   140 | Abyss:1  | Noticed an ancient zyme
   182 | Abyss:1  | Noticed an ancient zyme
   211 | Abyss:2  | Noticed a raiju
   211 | Abyss:2  | Noticed a raiju
   211 | Abyss:2  | Noticed a raiju
   212 | D:1      | Escaped the Abyss
   428 | D:1      | Reached * piety under Lugonu
   515 | D:1      | Reached XP level 2. HP: 22/26 MP: 3/3
   555 | D:1      | You fall into a shaft and drop 1 floor!
   571 | D:1      | Reached skill level 1 in Dodging
   645 | D:1      | Reached skill level 2 in Axes
  1252 | D:2      | Reached XP level 3. HP: 31/31 MP: 4/4
  1297 | D:2      | Found a basalt altar of Yredelemnul.
  2089 | D:3      | Reached XP level 4. HP: 32/38 MP: 5/5
  2253 | D:3      | Reached ** piety under Lugonu
  2392 | D:3      | Noticed Sigmund
  2398 | D:3      | Killed Sigmund
  2398 | D:3      | Reached skill level 3 in Axes
  2398 | D:3      | Reached XP level 5. HP: 42/46 MP: 5/7
  2746 | D:3      | Reached XP level 6. HP: 51/52 MP: 8/8
  3254 | D:4      | You fall into a shaft and drop 2 floors!
  3259 | D:6      | Reached skill level 4 in Axes
  3277 | D:5      | Entered Level 5 of the Dungeon
  3277 | D:5      | Noticed Prince Ribbit
  3296 | D:5      | Gained mutation: You occasionally shout uncontrollably at
                  | your foes. [potion of mutation]
  3296 | D:5      | Gained mutation: You are robust. (+10% HP) [potion of
                  | mutation]
  3302 | D:5      | Slain by Prince Ribbit

Levels and vault maps discovered:
D:1:      roderic_dead_forest, layout_loops_ring
D:2:      layout_rooms, serial_forest, infiniplex_forest_clump_small,
          infiniplex_forest_straight_2, infiniplex_forest_diagonal,
          infiniplex_forest_clump_curved, infiniplex_forest_straight_5,
          infiniplex_forest_clump_long, infiniplex_forest_clump_C,
          infiniplex_forest_lined_room_, infiniplex_forest_clump_diagonal,
          infiniplex_forest_lined_3_way, yredelemnul_altar_generic
D:3:      layout_basic, first_ration, uniq_sigmund
D:4:      layout_cave_pools
D:5:      minmay_skewed_foursquare, layout_cave_pods,
          grunt_temple_overflow_octagram, lemuel_angel_altar,
          uniq_prince_ribbit1
D:6:      lemuel_slime, layout_loops_cross, uniq_grinder, uniq_maggie

Skill      XL: |  1  2  3  4  5  6 |
---------------+-------------------+-----
Dodging        | 1 2 |  2.2
Axes           | 2 3 4 |  4.1
Armour         | 2 |  2.8
Invocations    | 3 |  3.4
Fighting       | |  3.9

Action                   |  1- 3 |  4- 6 || total
-------------------------+-------+-------++-------
Melee: War axe           |    73 |    60 ||   133
       Kick              |     6 |     8 ||    14
Invok: Depart the Abyss  |     1 |       ||     1
  Use: Scroll            |     7 |     4 ||    11
       Potion            |     1 |    10 ||    11
  Eat: Chunk             |     2 |     3 ||     5
Armor: Leather armour    |     7 |       ||     7
       Scale mail        |    22 |    23 ||    45
       Plate armour      |       |     7 ||     7
Dodge: Dodged            |    40 |    14 ||    54

Table legend:
 A = Non-vault XP
 B = Vault XP
 C = Vault XP percentage of total XP
 D = Non-vault monster count
 E = Vault monster count
 F = Vault count percentage of total count
                 A         B        C        D         E       F
            +---------+---------+-------+---------+---------+-------
      Total |     444 |     238 |  34.9 |      65 |       1 |   1.5
            +---------+---------+-------+---------+---------+-------
        D:1 |      32 |       0 |   0.0 |      19 |       0 |   0.0
        D:2 |      41 |       0 |   0.0 |      13 |       0 |   0.0
        D:3 |      85 |     238 |  73.7 |      26 |       1 |   3.7
        D:4 |     165 |       0 |   0.0 |       4 |       0 |   0.0
        D:5 |      47 |       0 |   0.0 |       1 |       0 |   0.0
        D:6 |      74 |       0 |   0.0 |       2 |       0 |   0.0
            +---------+---------+-------+---------+---------+-------
